 Dungeon Crawl Stone Soup version 0.23.2-33-g5129a83184 (webtiles) character file.

Game seed: 12356477727066504896

8425 Matador8 the Spear-Bearer (level 11, -5/88 (90) HPs)
             Began as a Naga Gladiator on June 26, 2019.
             Was a Priest of Nemelex Xobeh.
             Slain by Snorg (19 damage)
             ... on level 10 of the Dungeon.
             The game lasted 01:07:05 (12164 turns).

Matador8 the Spear-Bearer (Naga Gladiator)         Turns: 12164, Time: 01:07:11

HP:   -5/88 (90)    AC: 10    Str: 20    XL:     11   Next: 30%
MP:   24/26         EV: 10    Int:  9    God:    Nemelex Xobeh [***...]
Gold: 376           SH:  0    Dex: 14    Spells: 10/10 levels left

rFire    . . .     SeeInvis +   a - +0 trident
rCold    . . .     Gourm    .   (no shield)
rNeg     . . .     Faith    .   A - +0 ring mail
rPois    +         Spirit   .   c - +0 helmet
rElec    .         Reflect  .   (no cloak)
rCorr    .         Harm     .   (no gloves)
MR       +....                  (no barding)
Stlth    ++........             (no amulet)
HPRegen  0.00/turn              p - +3 ring of protection
MPRegen  0.20/turn              O - ring "Utulafe" {MP+9 Dex+2}

@: non-regenerating, diseased, very slow
A: large, see invisible, deformed body, poison resistance, slowness 2, slow
metabolism 1, spit poison 1, AC +3
a: Spit Poison, Draw Escape, Draw Destruction, Draw Summoning, Triple Draw,
Renounce Religion


You were on level 10 of the Dungeon.
You worshipped Nemelex Xobeh.
Nemelex Xobeh was most pleased with you.
You were hungry.

You visited 2 branches of the dungeon, and saw 11 of its levels.

You collected 376 gold pieces.

Inventory:

Hand Weapons
 a - a +0 trident (weapon)
 H - a +0 scythe
 M - a +1 scimitar of flaming
Missiles
 d - 4 throwing nets (quivered)
 e - 14 poisoned needles
 z - 7 curare-tipped needles
Armour
 b - a +0 leather armour
 c - a +0 helmet (worn)
 v - a +1 chain mail of poison resistance
 x - a +0 buckler
 A - a +0 ring mail (worn)
Jewellery
 p - a +3 ring of protection (left hand)
 O - the ring "Utulafe" (right hand) {MP+9 Dex+2}
   (You found it on level 10 of the Dungeon)

   [ring of magical power]

   It affects your dexterity (+2).
   It affects your magic capacity (+9).
Wands
 J - a wand of polymorph (2)
 K - a wand of acid (7)
 N - a wand of disintegration (8)
Scrolls
 g - a scroll of magic mapping {unknown}
 h - 5 scrolls of remove curse
 i - 5 scrolls of teleportation
 k - a scroll of random uselessness {unknown}
 l - a scroll of noise {unknown}
 n - 8 scrolls of identify {unknown}
 o - 2 scrolls of enchant weapon {unknown}
 u - 2 scrolls of blinking {unknown}
 y - a scroll of fear {unknown}
 C - a scroll of amnesia {unknown}
 D - 3 scrolls of fog {unknown}
 F - 3 scrolls of immolation {unknown}
Potions
 j - 3 potions of berserk rage {unknown}
 m - a potion of mutation {unknown}
 q - a potion of brilliance {unknown}
 r - 3 potions of lignification {unknown}
 s - a potion of agility
 t - a potion of curing
 w - a potion of might {unknown}
 B - 2 potions of degeneration {unknown}
 E - 4 potions of haste {unknown}
 G - a potion of cancellation {unknown}
 I - 2 potions of heal wounds {unknown}
 L - a potion of flight {unknown}
Comestibles
 f - 17 rations


   Skills:
 + Level 3.2 Fighting
 - Level 14.0 Polearms
 - Level 2.2 Throwing
 + Level 1.9 Armour
 + Level 3.2 Dodging
 - Level 4.1 Stealth
 - Level 8.5 Invocations


You had 10 spell levels left.
You didn't know any spells.
Your spell library contained the following spells:

 Spells                   Type           Power        Failure   Level  Hunger
 Animate Skeleton         Necr           N/A          56%         1    ##.....
 Pain                     Necr           #...         56%         1    ##.....
 Regeneration             Chrm/Necr      #.........   90%         3    ####...
 Vampiric Draining        Necr           #.........   90%         3    ####...
 Animate Dead             Necr           N/A          100%        4    #####..


Dungeon Overview and Level Annotations

Branches:
Dungeon (10/15)            Temple (1/1) D:5
   Lair: D:8-11         Orc: D:9-12

Altars:
Ashenzari
Cheibriados
Dithmenos
Elyvilon
Fedhas
Gozag
Hepliaklqana
Kikubaaqudgha
Makhleb
Nemelex Xobeh
Okawaru
Qazlal
Ru
Sif Muna
Trog
Uskayaw
Vehumet
Wu Jian
Xom
Yredelemnul
Zin
The Shining One

Shops:
D:4 %

Annotations:
D:5 exclusion: door
D:10 Nergalle, Snorg


Innate Abilities, Weirdness & Mutations

You cannot wear boots.
Your serpentine skin is tough. (AC +3)
You have supernaturally acute eyesight. (SInv)
Armour fits poorly on your strangely shaped body.
Your system is resistant to poisons. (rPois)
You cover ground very slowly.
You have a slow metabolism.
You can spit poison.


Message History

Snorg goes berserk!
You puncture the two-headed ogre!
You kill the two-headed ogre!
Your Fighting skill increases to level 3!
Your Dodging skill increases to level 3!
You have got your breath back.
You draw a card...
You have drawn the Dance.
Snorg bites you. Snorg claws you!! Snorg claws you!
* * * LOW HITPOINT WARNING * * *
Snorg barely misses you. Snorg closely misses you. Snorg claws you.
* * * LOW HITPOINT WARNING * * *
Okay, then.
Unknown command.
You draw... (choose one card, ? for their descriptions)
a - the Tomb b - Velocity
c - the Shaft You have drawn the Shaft.
A shaft materialises beneath you! Snorg bites you!!
You die...
Your body glows slightly and disappears.

+#..... ...#...#######....
##...... ..#...#..........
##.....○# #.#...#..........
.#...*..°# #.#+###........#.
.......°.# #..............#.
#.>.○.# #..............#.
#.....# #..###.........#.
##.....####..............#.
..........)T@(...............
#############################


You could see Snorg (berserk) and a friendly +0 quarterstaff.

Vanquished Creatures
  A two-headed ogre (D:10)
  An unseen horror (D:8)
  Pikel (D:8)
  A cyclops (D:8)
  A jumping spider (D:8)
  2 trolls (D:8)
  A hippogriff (D:9)
  A spriggan (D:7)
  4 yaks (D:9)
  Grum (D:9)
  A sky beast (D:9)
  3 phantoms
  A slave (D:8)
  2 necrophages
  An ice beast (D:5)
  3 ogres
  3 wolves (D:9)
  A big kobold (D:9)
  3 bullfrogs
  An elf skeleton (D:5)
  A scorpion (D:7)
  A water moccasin skeleton (D:7)
  6 killer bees
  4 wights (D:8)
  9 howler monkeys
  4 crimson imps
  9 hounds
  2 jellies
  A bullfrog zombie (D:9)
  A gnoll shaman (D:6)
  A human zombie (D:5)
  9 orc wizards
  2 bullfrog skeletons
  6 orc priests
  A centaur skeleton (D:8)
  Natasha (twice) (D:2)
  4 worker ants
  2 hound skeletons
  A howler monkey skeleton (D:6)
  11 adders
  7 gnolls
  A shadow imp (D:5)
  7 worms
  3 leopard geckos
  26 orcs
  5 bats
  4 giant cockroaches
  9 hobgoblins
  13 jackals
  12 kobolds
  8 quokkas
  2 ball pythons
  A frilled lizard (D:2)
  A giant cockroach zombie (D:5)
  7 goblins
  A jackal skeleton (D:5)
  An orc skeleton (D:5)
  A quokka zombie (D:6)
  4 rats
223 creatures vanquished.

Vanquished Creatures (collateral kills)
  Erica (D:8)
  An ogre mage (D:8)
  A snapping turtle (D:8)
  Sigmund (D:4)
  2 yaks (D:9)
  A phantom (D:8)
  An ogre (D:9)
  A wolf (D:9)
  An orc (D:8)
10 creatures vanquished.

Vanquished Creatures (others)
  An orc warrior (D:6)
  A howler monkey zombie (D:8)
  2 orcs (D:8)
4 creatures vanquished.

Grand Total: 237 creatures vanquished

Notes
Turn   | Place    | Note
-------+----------+-------------------------------------------
     0 | D:1      | Matador8 the Naga Gladiator began the quest for the Orb.
     0 | D:1      | Reached XP level 1. HP: 19/19 MP: 1/1
   345 | D:1      | Reached skill level 1 in Stealth
   345 | D:1      | Reached XP level 2. HP: 26/26 MP: 2/2
   778 | D:1      | Reached XP level 3. HP: 32/32 MP: 3/3
  1087 | D:1      | Reached skill level 4 in Polearms
  1315 | D:2      | Noticed Natasha
  1323 | D:2      | Killed Natasha
  1500 | D:2      | Reached XP level 4. HP: 37/39 MP: 4/4
  2387 | D:2      | Noticed Natasha
  2405 | D:2      | Killed Natasha
  2405 | D:2      | Reached XP level 5. HP: 22/45 MP: 5/5
  2567 | D:3      | Found a hazy altar of Hepliaklqana.
  2629 | D:3      | Found a faded altar of an unknown god.
  2670 | D:3      | Reached skill level 5 in Polearms
  3227 | D:3      | You fall through a shaft for 2 floors!
  3227 | D:5      | Entered Level 5 of the Dungeon
  3231 | D:5      | Found a staircase to the Ecumenical Temple.
  3257 | Temple   | Entered the Ecumenical Temple
  3293 | Temple   | Became a worshipper of Nemelex Xobeh the Trickster
  3565 | D:5      | Reached skill level 1 in Invocations
  3565 | D:5      | Reached XP level 6. HP: 50/52 MP: 6/6
  3584 | D:5      | Received a gift from Nemelex Xobeh
  3721 | D:4      | Noticed Sigmund
  3772 | D:4      | Noticed a phantom
  3851 | D:3      | Found a burning altar of Makhleb.
  4057 | D:4      | Reached skill level 6 in Polearms
  4066 | D:4      | Found a sparkling altar of Nemelex Xobeh.
  4105 | D:4      | Found Nefapp's Food Shoppe.
  4235 | D:4      | Found a shattered altar of Ashenzari.
  4279 | D:4      | Reached * piety under Nemelex Xobeh
  4380 | D:4      | Reached XP level 7. HP: 50/60 MP: 8/8
  4500 | D:5      | Received a gift from Nemelex Xobeh
  4577 | D:5      | Found a stormy altar of Qazlal.
  4656 | D:5      | Found a deep blue altar of Sif Muna.
  5074 | D:5      | Reached skill level 7 in Polearms
  5594 | D:4      | Killed Sigmund
  5594 | D:4      | Reached XP level 8. HP: 67/67 MP: 9/11
  5805 | D:6      | Found a blossoming altar of Fedhas.
  5830 | D:6      | Reached skill level 8 in Polearms
  5916 | D:6      | Received a gift from Nemelex Xobeh
  6088 | D:6      | Reached skill level 5 in Invocations
  6660 | D:7      | Noticed a spriggan baker
  6709 | D:6      | Reached skill level 9 in Polearms
  6948 | D:7      | Killed a spriggan baker
  6948 | D:7      | Reached XP level 9. HP: 53/73 MP: 13/13
  7345 | D:7      | Reached skill level 10 in Polearms
  7899 | D:7      | Found a basalt altar of Yredelemnul.
  7960 | D:7      | Received a gift from Nemelex Xobeh
  8021 | D:8      | Reached ** piety under Nemelex Xobeh
  8071 | D:8      | Noticed Erica
  8083 | D:8      | Killed Erica
  8299 | D:8      | Reached skill level 11 in Polearms
  8309 | D:8      | Noticed a two-headed ogre
  8315 | D:8      | a two-headed ogre changed into a snapping turtle
  8768 | D:8      | Noticed a troll
  8779 | D:8      | Killed a troll
  8779 | D:8      | Reached XP level 10. HP: 60/80 MP: 14/16
  9083 | D:8      | Noticed a cyclops
  9084 | D:8      | Noticed an unseen horror
  9090 | D:8      | Noticed an ogre mage
  9155 | D:8      | Noticed Pikel
  9206 | D:8      | Killed Pikel
  9206 | D:8      | Reached skill level 12 in Polearms
  9369 | D:8      | Received a gift from Nemelex Xobeh
  9638 | D:8      | Killed a cyclops
  9747 | D:8      | Killed an ogre mage
  9772 | D:8      | Killed an unseen horror
  9888 | D:9      | Got an encrusted long sword
  9890 | D:9      | Identified the +8 long sword of Baebbump {antimagic, Int+3
                  | Dex+2 Stlth+} (You found it on level 9 of the Dungeon)
  9990 | D:9      | Reached skill level 13 in Polearms
 10406 | D:9      | Reached *** piety under Nemelex Xobeh
 10424 | D:9      | Noticed Grum
 10461 | D:9      | Killed Grum
 10477 | D:9      | HP: 3/80 [wolf[Grum] (7)]
 10853 | D:9      | Reached XP level 11. HP: 65/86 MP: 17/17
 10917 | D:9      | Received a gift from Nemelex Xobeh
 11020 | D:9      | Found a white marble altar of Elyvilon.
 11077 | D:9      | Reached skill level 14 in Polearms
 11107 | D:9      | Reached skill level 1 in Armour
 11410 | D:9      | Found an iron altar of Okawaru.
 11411 | D:9      | Found a glowing silver altar of Zin.
 11511 | D:10     | Entered Level 10 of the Dungeon
 11578 | D:10     | Got a sparkling wooden ring
 11582 | D:10     | Identified the ring "Utulafe" {MP+9 Dex+2} (You found it on
                  | level 10 of the Dungeon)
 11669 | D:10     | Noticed Snorg
 11669 | D:10     | Noticed a two-headed ogre
 11734 | D:10     | Noticed Nergalle
 11879 | D:10     | Received a gift from Nemelex Xobeh
 12161 | D:10     | Killed a two-headed ogre
 12164 | D:10     | Slain by Snorg

Skill      XL: |  1  2  3  4  5  6  7  8  9 10 11 |
---------------+----------------------------------+-----
Stealth        | 1 2 3 4 |  4.1
Polearms       | 4 5 6 7 9 11 13 14 | 14.0
Throwing       | 2 |  2.2
Invocations    | 1 2 4 6 8 |  8.5
Armour         | 1 |  1.9
Fighting       | 3 |  3.2
Dodging        | 3 |  3.2

Action                   |  1- 3 |  4- 6 |  7- 9 | 10-12 || total
-------------------------+-------+-------+-------+-------++-------
Melee: Trident           |    78 |   208 |   357 |   321 ||   964
Throw: Throwing net      |       |     1 |     3 |     1 ||     5
Invok: Triple Draw       |       |       |       |     1 ||     1
 Abil: Spit Poison       |     8 |    30 |    39 |    39 ||   116
       Draw Destruction  |       |     1 |    16 |     9 ||    26
       Draw Summoning    |       |       |     3 |     6 ||     9
       Draw Escape       |       |       |     1 |     2 ||     3
Evoke: Wand              |       |       |       |     1 ||     1
  Use: Potion            |       |     1 |       |     3 ||     4
       Scroll            |       |     2 |       |     4 ||     6
 Stab: Sleeping          |     2 |    11 |     3 |     2 ||    18
       Distracted        |       |     1 |       |     1 ||     2
  Eat: Chunk             |     2 |     9 |     7 |    11 ||    29
       Ration            |       |       |     2 |       ||     2
Armor: Leather armour    |    16 |    25 |       |       ||    41
       Ring mail         |       |    22 |    72 |    90 ||   184
Dodge: Dodged            |    33 |    81 |   122 |   112 ||   348
